SKY
DETROIT TIGERS @ CLEVELAND INDIANS
03/12/2052
 
TOP OF THE 1ST
Detroit Tigers batting - Pitching for Cleveland Indians : RHP Jim Kirchhoff
Pitching: RHP Jim Kirchhoff
Batting: LHB Jim Harvill 0-0: Called Strike
0-1: Ball
1-1: Foul Ball, location: 2F
1-2: Ball
2-2: Ball
3-2: Foul Ball, location: 3F
3-2: Foul Ball, location: 3FF
3-2: Ground out 1-3 (Groundball, 13, EV 71.3 MPH)
Batting: LHB Sebastian Ontiveros 0-0: Ball
1-0: SOLO HOME RUN (Flyball, 89XD, EV 110.0 MPH), Distance : 429 ft
Batting: LHB Verrell Vander Mark 0-0: Called Strike
0-1: Ball
1-1: SOLO HOME RUN (Flyball, 9D, EV 98.1 MPH), Distance : 373 ft
Batting: SHB Austin Branson 0-0: Called Strike
0-1: Ball
1-1: Ball
2-1: SINGLE (Groundball, 34D, EV 106.3 MPH)
Pitching: LHP Cesaro Cavazos
Batting: SHB Carlos Vargas 0-0: Grounds into double play, 6-4-3 (Groundball, 6, EV 86.3 MPH)
Top of the 1st over - 2 runs, 3 hits, 0 errors, 0 left on base; Detroit 2 - Cleveland 0
BOTTOM OF THE 1ST
Cleveland Indians batting - Pitching for Detroit Tigers : RHP Isaac Hinton
Pitching: RHP Isaac Hinton
Batting: RHB Cowboy Beyer 0-0: Ball
1-0: Ball
2-0: Ball
3-0: Called Strike
3-1: Ground out 5-3 (Groundball, 56S, EV 89.4 MPH)
Batting: RHB Chia-Wei Ni 0-0: Fly out, F9 (Flyball, 89S, EV 93.1 MPH)
Batting: LHB Jonathan DeMarino 0-0: Ball
1-0: Ball
2-0: Foul Ball, location: 9LSF
2-1: Ball
3-1: Swinging Strike
3-2: Fly out, F8 (Flyball, 8LM, EV 94.4 MPH)
Bottom of the 1st over - 0 runs, 0 hits, 0 errors, 0 left on base; Detroit 2 - Cleveland 0
TOP OF THE 2ND
Detroit Tigers batting - Pitching for Cleveland Indians : LHP Cesaro Cavazos
Batting: RHB Kyle Garette 0-0: Ball
1-0: Ball
2-0: Foul Ball, location: 2F
2-1: Fly out, F8 (Flyball, 89S, EV 84.4 MPH)
Batting: RHB Peter Bates 0-0: Called Strike
0-1: Foul Ball, location: 2F
0-2: Ball
1-2: Ball
2-2: Fly out, F8 (Flyball, 8LD, EV 99.4 MPH)
Batting: RHB Diego Ruiz 0-0: Ball
1-0: Called Strike
1-1: Swinging Strike
1-2: Fly out, F9 (Line Drive, 9, EV 93.8 MPH)
Top of the 2nd over - 0 runs, 0 hits, 0 errors, 0 left on base; Detroit 2 - Cleveland 0
BOTTOM OF THE 2ND
Cleveland Indians batting - Pitching for Detroit Tigers : RHP Isaac Hinton
Batting: RHB Antony Olguin 0-0: Ball
1-0: SINGLE (Groundball, 25, EV 63.1 MPH) (infield hit)
Batting: LHB Harrison Waite 0-0: SINGLE (Groundball, 34D, EV 104.4 MPH)
Antony Olguin to second
Runner from 2nd tries for 3rd, SAFE, throw by RF made to third
Batting: LHB Anibal Gaines 0-0: Called Strike
0-1: Ball
1-1: Foul Ball, location: 3F
1-2: Ball
2-2: Foul Ball, location: 9LSF
2-2: Foul Ball, location: 3F
2-2: Ball
3-2: Base on Balls
Harrison Waite to second
Batting: RHB Scott Tremblay 0-0: Called Strike
0-1: Foul Ball, location: 25F
0-2: Fly out, F7 (Flyball, 78S, EV 91.3 MPH)
Batting: RHB Willard Putnam 0-0: Foul Ball, location: 5F
0-1: SINGLE (Groundball, 34D, EV 100.6 MPH)
Antony Olguin scores
Harrison Waite to third
Anibal Gaines to second
Runner from 3rd tries for Home, SAFE, throw by RF to home
Batting: SHB Bryce Rudzinski 0-0: Called Strike
0-1: Swinging Strike
0-2: Ball
1-2: Foul Ball, location: 25F
1-2: Foul Ball, location: 9LMF
1-2: Ball
2-2: Strikes out swinging
Batting: RHB Cowboy Beyer 0-0: Ground out 4-3 (Groundball, 4, EV 87.5 MPH)
Bottom of the 2nd over - 2 runs, 3 hits, 0 errors, 2 left on base; Detroit 2 - Cleveland 2
TOP OF THE 3RD
Detroit Tigers batting - Pitching for Cleveland Indians : LHP Cesaro Cavazos
Pitching: RHP Stuart Kawata
Batting: RHB Dragon Dainty 0-0: Ball
1-0: Called Strike
1-1: Ball
2-1: Fly out, F8 (Flyball, 78XD, EV 88.8 MPH)
Batting: LHB Jim Harvill 0-0: Ball
1-0: Ball
2-0: SINGLE (Line Drive, 89S, EV 98.1 MPH)
Batting: LHB Sebastian Ontiveros 0-0: Called Strike
0-1: Fly out, F6 (Line Drive, 6M, EV 69.4 MPH)
Batting: LHB Verrell Vander Mark 0-0: Ball
1-0: Called Strike
1-1: Swinging Strike
1-2: Ball
2-2: SINGLE (Groundball, 6D, EV 103.1 MPH)
Jim Harvill to second
Runner from 2nd tries for 3rd, SAFE, throw by CF made to third
Batting: SHB Austin Branson 0-0: Ball
1-0: Ball
2-0: Called Strike
2-1: Called Strike
2-2: Foul Ball, location: 2F
2-2: Ball
3-2: Base on Balls
Verrell Vander Mark to second
Batting: SHB Carlos Vargas 0-0: Ball
1-0: Foul Ball, location: 7LMF
1-1: Ball
2-1: Foul Ball, location: 5SF
2-2: Ball
3-2: Fielders Choice at 3rd, U5 (Groundball, 5L, EV 105.6 MPH)
Top of the 3rd over - 0 runs, 2 hits, 0 errors, 2 left on base; Detroit 2 - Cleveland 2
BOTTOM OF THE 3RD
Cleveland Indians batting - Pitching for Detroit Tigers : RHP Isaac Hinton
Batting: RHB Chia-Wei Ni 0-0: Ball
1-0: Foul Ball, location: 2F
1-1: Ball
2-1: Ground out 2-3 (Groundball, 2L, EV 63.1 MPH)
Batting: LHB Jonathan DeMarino 0-0: Ball
1-0: Foul Ball, location: 23F
1-1: Ball
2-1: Ball
3-1: Called Strike
3-2: Foul Ball, location: 2F
3-2: SINGLE (Line Drive, 6MD, EV 108.1 MPH)
Batting: RHB Antony Olguin 0-0: Ball
1-0: Ball
2-0: Called Strike
2-1: Called Strike
2-2: Strikes out swinging
Batting: LHB Harrison Waite 0-0: Called Strike
0-1: Ball
1-1: Fly out, F9 (Line Drive, 89D, EV 93.1 MPH)
Bottom of the 3rd over - 0 runs, 1 hit, 0 errors, 1 left on base; Detroit 2 - Cleveland 2
TOP OF THE 4TH
Detroit Tigers batting - Pitching for Cleveland Indians : RHP Stuart Kawata
Pitching: RHP Rick Van Hemert
Batting: RHB Kyle Garette 0-0: Ball
1-0: Ball
2-0: Foul Ball, location: 5F
2-1: Foul Ball, location: 2F
2-2: Foul Ball, location: 7LDF
2-2: Fly out, F7 (Flyball, 78S, EV 98.1 MPH)
Batting: RHB Peter Bates 0-0: Ground out 5-3 (Groundball, 5, EV 100.6 MPH)
Batting: RHB Diego Ruiz 0-0: Ball
1-0: Ball
2-0: Ball
3-0: Called Strike
3-1: Base on Balls
Batting: RHB Dragon Dainty 0-0: Called Strike
0-1: Ball
1-1: Ball
2-1: Ball
3-1: Called Strike
3-2: Foul Ball, location: 7LDF
3-2: SINGLE (Groundball, 6D, EV 102.5 MPH)
Diego Ruiz to second
Diego Ruiz to third
Pinch Hitting: RHB Owen Roberts 0-0: Ball
1-0: Foul Ball, location: 9LSF
1-1: Swinging Strike
1-2: Foul Ball, location: 2F
1-2: Strikes out swinging
Top of the 4th over - 0 runs, 1 hit, 0 errors, 2 left on base; Detroit 2 - Cleveland 2
BOTTOM OF THE 4TH
Cleveland Indians batting - Pitching for Detroit Tigers : RHP Isaac Hinton
Now at SS: Owen Roberts
Batting: LHB Anibal Gaines 0-0: Called Strike
0-1: Ball
1-1: Called Strike
1-2: Fly out, F9 (Flyball, 9D, EV 90.0 MPH)
Batting: RHB Scott Tremblay 0-0: Ball
1-0: Ball
2-0: Called Strike
2-1: Ball
3-1: Called Strike
3-2: Foul Ball, location: 2LF
3-2: Strikes out swinging
Batting: RHB Willard Putnam 0-0: Called Strike
0-1: Ball
1-1: Foul Ball, location: 9LDF
1-2: Ball
2-2: SINGLE (Line Drive, 6M, EV 100.0 MPH)
Batting: SHB Bryce Rudzinski 0-0: 2-RUN HOME RUN (Flyball, 89XD, EV 107.5 MPH), Distance : 411 ft
Batting: RHB Cowboy Beyer 0-0: Called Strike
0-1: Ball
1-1: Swinging Strike
1-2: Strikes out looking
Bottom of the 4th over - 2 runs, 2 hits, 0 errors, 0 left on base; Detroit 2 - Cleveland 4
TOP OF THE 5TH
Detroit Tigers batting - Pitching for Cleveland Indians : RHP Rick Van Hemert
Pitching: RHP Easton Wilson
Now at 2B: Steven Nealy
Now at SS: Cory Martínez
Now in CF: Breki Hannibalsson
Now in RF: Scott Tremblay
Batting: RHB Kyle McCoy 0-0: Called Strike
0-1: Ball
1-1: Called Strike
1-2: Ball
2-2: Ball
3-2: Foul Ball, location: 2F
3-2: Strikes out looking
Batting: LHB Verrell Vander Mark 0-0: Ball
1-0: Called Strike
1-1: Foul Ball, location: 7LSF
1-2: Strikes out swinging
Pinch Hitting: RHB Brandon Diarra 0-0: Foul Ball, location: 9LSF
0-1: Ball
1-1: Foul Ball, location: 2F
1-2: Foul Ball, location: 2F
1-2: Strikes out swinging
Top of the 5th over - 0 runs, 0 hits, 0 errors, 0 left on base; Detroit 2 - Cleveland 4
BOTTOM OF THE 5TH
Cleveland Indians batting - Pitching for Detroit Tigers : RHP Isaac Hinton
Pitching: LHP Julien Piché
Now at 1B: Peter Bates
Now at 3B: Cachi Rodriguez
Now in LF: Brandon Diarra
Now in CF: Aarón Gutiérrez
Batting: LHB Breki Hannibalsson 0-0: Ball
1-0: Ball
2-0: Bunt for hit to 15S - play at first, batter OUT! 1-3
Batting: LHB Jonathan DeMarino 0-0: Ball
1-0: Ball
2-0: Called Strike
2-1: Ball
3-1: SINGLE (Groundball, 6MD, EV 105.6 MPH)
Batting: SHB Steven Nealy 0-0: Swinging Strike
0-1: Foul Ball, location: 3FF
0-2: Foul Ball, location: 2F
0-2: Foul Ball, location: 2F
0-2: Grounds into double play, 4-6-3 (Groundball, 4, EV 105.6 MPH)
Bottom of the 5th over - 0 runs, 1 hit, 0 errors, 0 left on base; Detroit 2 - Cleveland 4
TOP OF THE 6TH
Detroit Tigers batting - Pitching for Cleveland Indians : RHP Easton Wilson
Pitching: RHP Andrea Rivero
Now at C: Paquito Peña
Now at 3B: Gage Timko
Now in LF: Richard Holden
Now in CF: Dave Brickey
Now in RF: Breki Hannibalsson
Batting: LHB Cachi Rodriguez 0-0: Called Strike
0-1: Ball
1-1: Ball
2-1: Foul Ball, location: 2F
2-2: Strikes out swinging
Pinch Hitting: LHB Will Dishman 0-0: Fly out, F9 (Flyball, 9D, EV 106.3 MPH)
Batting: RHB Peter Bates 0-0: Ball
1-0: Foul Ball, location: 9LSF
1-1: Swinging Strike
1-2: Ball
2-2: Ground out 5-3 (Groundball, 56S, EV 88.1 MPH)
Top of the 6th over - 0 runs, 0 hits, 0 errors, 0 left on base; Detroit 2 - Cleveland 4
BOTTOM OF THE 6TH
Cleveland Indians batting - Pitching for Detroit Tigers : LHP Julien Piché
Pitching: RHP Joshua Rusch
Now at 2B: Will Dishman
Batting: RHB Richard Holden 0-0: Ball
1-0: Ball
2-0: Called Strike
2-1: Ground out 4-3 (Groundball, 4, EV 86.9 MPH)
Batting: LHB Anibal Gaines 0-0: SINGLE (Groundball, 6MS, EV 67.5 MPH) (infield hit)
Batting: RHB Dave Brickey 0-0: Called Strike
0-1: Called Strike
0-2: Ball
1-2: Strikes out swinging
Batting: RHB Gage Timko 0-0: Fielders Choice at 2nd, U4 (Groundball, 4M, EV 84.4 MPH)
Bottom of the 6th over - 0 runs, 1 hit, 0 errors, 1 left on base; Detroit 2 - Cleveland 4
TOP OF THE 7TH
Detroit Tigers batting - Pitching for Cleveland Indians : RHP Andrea Rivero
Pitching: LHP Nathan Frascella
Batting: RHB Aarón Gutiérrez 0-0: Ball
1-0: Called Strike
1-1: Ball
2-1: DOUBLE (Line Drive, 89D, EV 108.8 MPH)
Batting: RHB Dragon Dainty 0-0: Ball
1-0: Ball
2-0: Ball
3-0: Base on Balls
Batting: RHB Owen Roberts 0-0: Sac Bunt to P - play at first, batter OUT! 1-3
Aarón Gutiérrez to third
Dragon Dainty to second
Batting: RHB Kyle McCoy 0-0: Swinging Strike
0-1: Ball
1-1: Foul Ball, location: 9LDF
1-2: Foul Ball, location: 3F
1-2: SINGLE (Line Drive, 6D, EV 97.5 MPH)
Aarón Gutiérrez scores
Dragon Dainty to third
Pinch Hitting: LHB Rodney Diallo 0-0: Called Strike
0-1: DOUBLE (Flyball, 8LXD, EV 108.8 MPH)
Dragon Dainty scores
Kyle McCoy to third
Runner from 3rd tries for Home, SAFE, no throw by CF
Batting: RHB Brandon Diarra 0-0: Ball
1-0: Foul Ball, location: 2F
1-1: Ball
2-1: Foul Ball, location: 2F
2-2: Fly out, F7 (Flyball, 78M, EV 89.4 MPH)
Batting: LHB Cachi Rodriguez 0-0: Called Strike
0-1: Swinging Strike
0-2: Strikes out swinging
Top of the 7th over - 3 runs, 3 hits, 0 errors, 1 left on base; Detroit 5 - Cleveland 4
BOTTOM OF THE 7TH
Cleveland Indians batting - Pitching for Detroit Tigers : RHP Joshua Rusch
Pitching: RHP Alexander Magnússon
Now in RF: Rodney Diallo
Batting: LHB Paquito Peña 0-0: Foul Ball, location: 5F
0-1: Foul Ball, location: 5SF
0-2: Ball
1-2: Ball
2-2: Strikes out looking
Pinch Hitting: LHB Ryan McRae 0-0: Ball
1-0: Foul Ball, location: 2F
1-1: Ball
2-1: Called Strike
2-2: Foul Ball, location: 2F
2-2: SINGLE (Groundball, 6M, EV 99.4 MPH)
Batting: LHB Breki Hannibalsson 0-0: Called Strike
0-1: Ball
1-1: Swinging Strike
1-2: Strikes out looking
Pitching: LHP Woodie Blackman
Batting: RHB Chuck Mullenix 0-0: Ball
1-0: Ball
2-0: Ball
Wild Pitch!
Ryan McRae to second
3-0: Called Strike
3-1: Called Strike
3-2: Strikes out looking
Bottom of the 7th over - 0 runs, 1 hit, 0 errors, 1 left on base; Detroit 5 - Cleveland 4
TOP OF THE 8TH
Detroit Tigers batting - Pitching for Cleveland Indians : LHP Nathan Frascella
Pitching: RHP Dusty Sloan
Now at 2B: Hanford Allen
Now at SS: Steven Nealy
Batting: LHB Will Dishman 0-0: Swinging Strike
0-1: Foul Ball, location: 5DF
0-2: Ball
1-2: Strikes out swinging
Batting: RHB Peter Bates 0-0: Ball
1-0: Ball
2-0: Called Strike
2-1: Called Strike
2-2: Ball
3-2: Strikes out swinging
Batting: RHB Aarón Gutiérrez 0-0: Ball
1-0: Ground out 6-3 (Groundball, 6, EV 109.4 MPH)
Top of the 8th over - 0 runs, 0 hits, 0 errors, 0 left on base; Detroit 5 - Cleveland 4
BOTTOM OF THE 8TH
Cleveland Indians batting - Pitching for Detroit Tigers : LHP Woodie Blackman
Pitching: RHP Jonas Gallick
Batting: SHB Steven Nealy 0-0: SOLO HOME RUN (Flyball, 9D, EV 99.4 MPH), Distance : 376 ft
Pinch Hitting: LHB Parker Mola 0-0: Ball
1-0: Ball
2-0: Ball
3-0: Called Strike
3-1: Base on Balls
Batting: LHB Anibal Gaines 0-0: Ball
1-0: Ball
2-0: Called Strike
2-1: Ball
3-1: Base on Balls
Parker Mola to second
Pinch Hitting: LHB Damian Murphy 0-0: Called Strike
0-1: Foul Ball, location: 7LDF
0-2: Grounds into double play, 4-6-3 (Groundball, 4, EV 91.3 MPH)
Parker Mola to third
Pinch Hitting: LHB Ethan Wallace 0-0: Called Strike
0-1: Foul Ball, location: 5SF
0-2: Ball
1-2: Fly out, F9 (Flyball, 9S, EV 96.9 MPH)
Bottom of the 8th over - 1 run, 1 hit, 0 errors, 1 left on base; Detroit 5 - Cleveland 5
TOP OF THE 9TH
Detroit Tigers batting - Pitching for Cleveland Indians : RHP Dusty Sloan
Pitching: LHP Jason Seal
Now at 3B: Erik Guzman
Now in LF: Kyle DiGenova
Now in CF: Breki Hannibalsson
Now in RF: Liam McCurley
Pinch Hitting: LHB Rob Hedrick 0-0: Fly out, F7 (Flyball, 78S, EV 75.0 MPH)
Pinch Hitting: RHB Zaiden Parker 0-0: DOUBLE (Line Drive, 9LS, EV 103.8 MPH)
Batting: RHB Merlin Weichert 0-0: Intentional Walk
Batting: LHB Rodney Diallo 0-0: Called Strike
0-1: Hit by Pitch
Zaiden Parker to third
Merlin Weichert to second
Batting: RHB Brandon Diarra 0-0: Ball
1-0: Called Strike
1-1: TRIPLE (Groundball, 5L, EV 103.8 MPH)
Zaiden Parker scores
Merlin Weichert scores
Rodney Diallo scores
Pitching: LHP Edgard Baez
Pinch Hitting: RHB Sal MacDougall 0-0: Ground out 6-3 (Groundball, 6, EV 105.0 MPH)
Brandon Diarra scores
Pinch Hitting: RHB Brayden Schmell 0-0: Called Strike
0-1: Ball
1-1: Ball
2-1: Ball
3-1: Base on Balls
Batting: RHB Peter Bates 0-0: Ball
1-0: Foul Ball, location: 7LMF
1-1: Ball
2-1: Swinging Strike
2-2: Fly out, F9 (Flyball, 9D, EV 88.8 MPH)
Top of the 9th over - 4 runs, 2 hits, 0 errors, 1 left on base; Detroit 9 - Cleveland 5
BOTTOM OF THE 9TH
Cleveland Indians batting - Pitching for Detroit Tigers : RHP Jonas Gallick
Pitching: LHP Lee Freeman
Now at C: Rob Hedrick
Now at 2B: Brayden Schmell
Now at 3B: Sal MacDougall
Now at SS: Zaiden Parker
Pinch Hitting: RHB Carlo Sheard 0-0: Ball
1-0: Fly out, F9 (Flyball, 9S, EV 93.8 MPH)
Batting: RHB Hanford Allen 0-0: Ball
1-0: Reached on error, E3 (Groundball, 34S, EV 86.3 MPH)
Batting: LHB Breki Hannibalsson 0-0: Foul Ball, location: 2F
0-1: Grounds into double play, 5-4-3 (Groundball, 25, EV 100.6 MPH)
Bottom of the 9th over - 0 runs, 0 hits, 1 error, 0 left on base; Detroit 9 - Cleveland 5
Saturday, April 13th , 2024 - OOTP Baseball 24.11 Build 85